 Dungeon Crawl Stone Soup version 0.28-a0-535-g6f645e4c1d (webtiles) character file.

Game seed: 296218185356230749

723 shoop the Cutter (level 7, -4/34 HPs)
             Began as a Vine Stalker Warper on Sept 26, 2021.
             Slain by an ogre (20 damage)
             ... on level 5 of the Dungeon.
             The game lasted 00:11:29 (5368 turns).

shoop the Cutter (Vine Stalker Warper)              Turns: 5368, Time: 00:11:29

Health: -4/34      AC:  5    Str: 14    XL:     7   Next: 71%
Magic:  0/12       EV: 11    Int: 21    God:
Gold:   75         SH:  0    Dex: 13    Spells: 4/12 levels left

rFire   . . .      SeeInvis .   i - +0 rapier
rCold   . . .      Faith    .   (no shield)
rNeg    . . .      Spirit   +   b - +0 leather armour
rPois   .          Reflect  .   o - +0 helmet
rElec   .          Harm     .   (no cloak)
rCorr   +          Rampage  .   n - +0 pair of gloves
Will    .....                   (no boots)
Stlth   +++.......              (no amulet)
HPRegen 1.11/turn               l - ring of resist corrosion
MPRegen 0.13/turn               t - +6 ring of intelligence

@: no status effects
A: fangs 2, regeneration 1, magic shield, antimagic bite, no potion heal 2
a: no special abilities


You were on level 5 of the Dungeon.
You visited 1 branch of the dungeon, and saw 5 of its levels.

You collected 114 gold pieces.
You spent 39 gold pieces at shops.

Inventory:

Hand Weapons
 a - a +0 short sword
 i - a +0 rapier (weapon)
Missiles
 d - 5 boomerangs of dispersal (quivered)
 h - a throwing net
 m - 6 boomerangs
Armour
 b - a +0 leather armour (worn)
 n - a +0 pair of gloves (worn)
 o - a +0 helmet (worn)
Jewellery
 l - a ring of resist corrosion (left hand)
 t - a +6 ring of intelligence (right hand)
Scrolls
 c - 2 scrolls of blinking
 e - 4 scrolls of teleportation {unknown}
 f - 8 scrolls of identify {unknown}
 g - a scroll of torment {unknown}
 j - a scroll of brand weapon {unknown}
 k - a scroll of holy word {unknown}
 q - 3 scrolls of noise {unknown}
 u - a scroll of enchant armour {unknown}
 v - a scroll of magic mapping {unknown}
 y - a scroll of vulnerability {unknown}
 z - a scroll of enchant weapon {unknown}
Potions
 p - a potion of brilliance {unknown}
 r - a potion of heal wounds {unknown}
 s - 2 potions of might {unknown}
 w - 2 potions of curing
 x - a potion of attraction {unknown}
 A - a potion of haste


   Skills:
 - Level 1.7 Fighting
 * Level 5.7 Short Blades
 - Level 0.8 Throwing
 - Level 0.7 Armour
 - Level 1.5 Dodging
 + Level 5.3 Stealth
 - Level 3.0 Spellcasting
 + Level 4.3 Translocations


You had 4 spell levels left.
You knew the following spells:

 Your Spells              Type           Power      Damage    Failure   Level
a - Lesser Beckoning      Tloc           21%        N/A       9%          3
b - Blink                 Tloc           N/A        N/A       4%          2
c - Teleport Other        Tloc           21%        N/A       9%          3

Your spell library contained the following spells:

 Spells                   Type           Power      Damage    Failure   Level
 Gell's Gravitas          Tloc           10%        N/A       9%          3
 Summon Small Mammal      Summ           12%        N/A       17%         1
 Ensorcelled Hibernation  Hex/Ice        6%         N/A       26%         2
 Sublimation of Blood     Necr           1%         N/A       26%         2
 Wereblood                Tmut           3%         N/A       26%         2
 Call Canine Familiar     Summ           3%         N/A       45%         3
 Spider Form              Tmut/Pois      1%         N/A       45%         3
 Summon Guardian Golem    Hex/Summ       3%         N/A       45%         3
 Manifold Assault         Tloc           21%        N/A       63%         5
 Summon Hydra             Summ           1%         N/A       100%        7


Dungeon Overview and Level Annotations

Branches:
Dungeon (5/15)
 Temple: D:4-7

Altars:
Fedhas
Kikubaaqudgha
Qazlal

Shops:
D:1 !

Annotations:
D:4 3 runed translucent doors, MikuNakano's ghost, amateur DrFi; Pikel


Innate Abilities, Weirdness & Mutations

You have extremely sharp teeth.
Your natural rate of healing is unusually fast.
When hurt, damage is shared between your health and your magic reserves.
Your bite disrupts and absorbs the magic of your enemies.
Potions cannot restore your health.


Message History

Pikel burns you.
Pikel disappears!
There is a stone staircase leading down here.
You start resting.
HP restored.
You start resting.
MikuNakano's ghost turns its malevolent gaze towards you.
MikuNakano's ghost whispers, "The ORB doesn't exist." x2
MikuNakano's ghost wails.
Magic restored.
You climb downwards.
The ogre barely misses you.
There is a stone staircase leading up, spattered with blood here.
You hit the ogre. You bite the ogre. You drain its power.
The ogre is moderately wounded.
You barely miss the ogre.
The ogre is moderately wounded.
The ogre hits you with a +0 giant spiked club!
You barely miss the ogre.
The ogre is moderately wounded.
The ogre hits you with a +0 giant spiked club!!
Ouch! That really hurt!
* * * LOW HITPOINT WARNING * * *
You are too injured to fight recklessly!
Casting: Teleport Other (dangerous; 9% risk of failure)
Confirm with . or Enter, or press ? or * to list all spells.
You blink.
You hit the ogre. You bite the ogre. You drain its power.
You feel invigorated.
The ogre is heavily wounded.
The ogre closely misses you.
You barely miss the ogre.
The ogre is heavily wounded.
You barely miss the ogre. Your bite misses the ogre.
The ogre is heavily wounded.
The ogre closely misses you.
You hit the ogre but do no damage. You bite the ogre. You drain its power.
You feel invigorated.
The ogre is severely wounded.
The ogre hits you with a +0 giant spiked club!!
Ouch! That really hurt!
You die...

..........##.#
............####.#
>........>...##...###
....................# #
...)........#....... ...
#..............#..#
.....#########.......#...###.##
#.........#............##..##
.....######...@O..[....###....#
... ###..........##..##.# .
#.......<..##.###.#
#..........#..# #.# ...###
##.......###.####.#
#.....#####...........<.....
#.#.....##..##..##..........
.###.##.......###..##>###......
...#..#......#.O......# #......


You could see an ogre.

Vanquished Creatures
  3 necrophages
  An ogre (D:4)
  4 lemures
  A water moccasin skeleton (D:4)
  A howler monkey (D:5)
  2 hounds
  An orc priest (D:4)
  An iguana (D:3)
  An orc wizard (D:4)
  3 gnolls (D:3)
  2 adders
  2 howler monkey skeletons (D:4)
  A white imp (D:4)
  A worm (D:3)
  4 dart slugs
  5 orcs
  5 bats
  3 endoplasms
  4 giant cockroaches
  5 goblins
  9 hobgoblins
  4 kobolds
  5 quokkas
  3 ball pythons
  8 rats
79 creatures vanquished.

Notes
Turn   | Place    | Note
-------+----------+-------------------------------------------
     0 | D:1      | shoop the Vine Stalker Warper began the quest for the Orb.
     0 | D:1      | Reached XP level 1. HP: 11/11 MP: 4/4
   493 | D:1      | Reached skill level 1 in Stealth
   493 | D:1      | Reached XP level 2. HP: 15/15 MP: 6/6
   500 | D:1      | Found Eseoj's Distillery.
   533 | D:1      | Learned a level 2 spell: Blink
  1350 | D:2      | Reached XP level 3. HP: 17/18 MP: 7/7
  1633 | D:2      | Found a faded altar of an unknown god.
  1689 | D:2      | Found a blossoming altar of Fedhas.
  2797 | D:3      | Gained mutation: Your natural rate of healing is unusually
                  | fast. [Vine Stalker growth]
  2797 | D:3      | Reached XP level 4. HP: 18/23 MP: 6/8
  3161 | D:3      | Reached XP level 5. HP: 16/26 MP: 3/9
  3236 | D:4      | Found a stormy altar of Qazlal.
  3288 | D:4      | Learned a level 3 spell: Lesser Beckoning
  3292 | D:4      | Learned a level 3 spell: Teleport Other
  3515 | D:4      | You fall into a shaft and drop 1 floor!
  3515 | D:5      | Entered Level 5 of the Dungeon
  3520 | D:5      | Noticed a necrophage
  3537 | D:5      | Reached XP level 6. HP: 29/30 MP: 10/10
  3552 | D:5      | Killed a necrophage
  3554 | D:5      | Noticed a necrophage
  3579 | D:5      | Killed a necrophage
  3580 | D:5      | Reached skill level 5 in Short Blades
  3580 | D:5      | Reached XP level 7. HP: 31/34 MP: 9/12
  3671 | D:4      | Found a runed translucent gate.
  3672 | D:4      | Found a runed translucent gate.
  3673 | D:4      | Noticed MikuNakano's ghost (amateur DrFi)
  3674 | D:4      | Found a runed translucent gate.
  3736 | D:4      | HP: 1/34 [ogre (23)]
  3821 | D:1      | Bought a potion of curing for 39 gold pieces
  3987 | D:4      | Reached skill level 5 in Stealth
  4462 | D:5      | Found an ancient bone altar of Kikubaaqudgha.
  4941 | D:5      | Noticed Pikel
  5368 | D:5      | Slain by an ogre

Illustrated notes

Levels and vault maps discovered:
D:1:      minmay_arrival_jagged, layout_loops_ring, serial_shops, shop,
          minmay_misc_feat_iff, kennysheep_boxes
D:2:      wander_river, layout_basic, basic_altar,
          dreamdust_ecumenical_altar_hidden_monk_grotto
D:3:      minmay_chambers_of_twos, layout_basic, minmay_misc_feat_four_crosses
D:4:      layout_loops_cross, nicolae_qazlal_general_emergency,
          gammafunk_ghost_split
D:5:      layout_rooms, mainiacjoe_overflow_small_starburst,
          kiku_gazebo_pond_becter, uniq_pikel

Skill      XL: |  1  2  3  4  5  6  7 |
---------------+----------------------+-----
Short Blades   | 2 3 4 5 |  5.7
Stealth        | 1 2 3 4 5 |  5.3
Spellcasting   | 3 |  3.0
Translocations | 4 |  4.3
Fighting       | |  1.7
Throwing       | |  0.8
Armour         | |  0.7
Dodging        | |  1.5

Action                   |  1- 3 |  4- 6 |  7- 9 || total
-------------------------+-------+-------+-------++-------
Melee: Short sword       |    75 |       |       ||    75
       Bite              |    32 |    35 |    42 ||   109
       Rapier            |    46 |   120 |   160 ||   326
 Cast: Teleport Other    |       |       |    24 ||    24
       Blink             |       |       |     5 ||     5
 Stab: Sleeping          |     3 |     1 |       ||     4
Armor: Leather armour    |    36 |    32 |    33 ||   101
Dodge: Dodged            |    67 |    68 |    71 ||   206

Table legend: (Time is in decaauts)
 A = Elapsed time spent in this place.
 B = Non-inter-level travel time spent in this place.
 C = Inter-level travel time spent in this place.
 D = Time resting spent in this place.
 E = Time spent auto-exploring this place.
 F = Levels seen in this place.
 G = Mean time per level.
                   A        B        C        D        E       F      G
               +--------+--------+--------+--------+--------+-----+--------+
         Total |   5397 |   5054 |    343 |    418 |   3545 |   5 | 1079.4 |
       Dungeon |   5397 |   5054 |    343 |    418 |   3545 |   5 | 1079.4 |
               +--------+--------+--------+--------+--------+-----+--------+

Top non-repeatable levels by time:
     D:4: 1535 daAuts
     D:1: 1344 daAuts
     D:2: 1083 daAuts
     D:3: 957 daAuts
     D:5: 476 daAuts
